 Dungeon Sprint DCSS version 0.26-a0-651-gb41185065b (webtiles) character file.

Game seed: 14108328692065497666

118680 Jannitor the Grim Reaper (level 20, 26/222 HPs)
             Began as a Hill Orc Fighter on Sept 29, 2020.
             Was the Champion of Yredelemnul.
             Escaped with the Orb!
             The game lasted 00:40:24 (4962 turns).

Jannitor the Grim Reaper (Hill Orc Fighter)         Turns: 4962, Time: 00:40:24

Health: 26/222     AC: 42    Str: 35 (36) XL:     20   Next: 99%
Magic:  25/32      EV: 24    Int: 11      God:    Yredelemnul [******]
Gold:   5882       SH: 24    Dex: 20      Spells: 33/43 levels left

rFire    + + .     SeeInvis .   s - +8 demon trident (elec)
rCold    . . .     Faith    .   x - +1 kite shield "Uvoellah" {Str+4}
rNeg     + . .     Spirit   .   c - +8 pearl dragon scales
rPois    +         Reflect  +   y - +0 helmet of Least Resistance {Dex+3}
rElec    +         Harm     +   z - +3 cloak of Letuok {Rampage +Fly Stlth+}
rCorr    +         Rampage  +   w - +0 pair of gloves of Ojyhir {+Inv rF+ rCorr Int-3}
MR       +....     NoTele   +   v - +4 pair of boots of Moral Flaws {*Contam Harm Regen+ Dex+8}
Stlth    +.........             o - amulet of Ziagep {Reflect Int+4 Dex+3 SH+5}
HPRegen  0.87/turn              b - ring "Qudaaz" {rElec rPois Str+6 Dex-2 Slay+4}
MPRegen  0.23/turn              q - ring "Xacw" {rElec rPois rF+ Int+2 Dex-4}

@: no status effects
A: claws 1, talons 1, deterioration 1, low mp 1, robust 1, screaming 1
0: Orb of Zot
}: 5/15 runes: decaying, slimy, silver, gossamer, mossy
a: Recall Undead Slaves, Injury Mirror, Animate Dead, Drain Life, Enslave Soul,
Renounce Religion, Evoke Invisibility, Evoke Flight


You escaped.
You worshipped Yredelemnul.
Yredelemnul was exalted by your worship.
You visited 1 branch You collected 13440 gold pieces.
You spent 7558 gold pieces at shops.

Inventory:

Hand Weapons
 s - a +8 demon trident of electrocution (weapon)
 u - a +0 flail
Armour
 c - +8 pearl dragon scales (worn)
 r - a +1 plate armour of magic resistance
 v - the +4 pair of boots of Moral Flaws (worn) {*Contam Harm Regen+ Dex+8}
   (You bought it in a shop in the Dungeon)

   It affects your dexterity (+8).
   It causes magical contamination when unequipped.
   It increases your rate of regeneration.
   It increases damage dealt and taken.
 w - the +0 pair of gloves of Ojyhir (worn) {+Inv rF+ rCorr Int-3}
   (You bought it in a shop in the Dungeon)

   It affects your intelligence (-3).
   It protects you from fire.
   It lets you turn invisible.
   It provides partial protection from all sources of acid and corrosion.
 x - the +1 kite shield "Uvoellah" (worn) {Str+4}
   (You bought it in a shop in the Dungeon)

   It affects your strength (+4).
 y - the +0 helmet of Least Resistance (worn) {Dex+3}
   (You bought it in a shop in the Dungeon)

   It affects your dexterity (+3).
 z - the +3 cloak of Letuok (worn) {Rampage +Fly Stlth+}
   (You bought it in a shop in the Dungeon)

   It lets you fly.
   It bestows one free step when moving towards enemies.
   It makes you more stealthy.
Jewellery
 a - the ring of Giwnuxku {rPois rC+}
   (You bought it in a shop in the Dungeon)

   [ring of poison resistance]

   It protects you from cold.
   It protects you from poison.
 b - the ring "Qudaaz" (left hand) {rElec rPois Str+6 Dex-2 Slay+4}
   (You bought it in a shop in the Dungeon)

   [ring of slaying]

   It affects your strength (+6).
   It affects your dexterity (-2).
   It affects your accuracy and damage with ranged weapons and melee attacks
   (+4).
   It insulates you from electricity.
   It protects you from poison.
 o - the amulet of Ziagep (around neck) {Reflect Int+4 Dex+3 SH+5}
   (You bought it in a shop in the Dungeon)

   [amulet of reflection]

   It shields you and reflects attacks.
   It affects your intelligence (+4).
   It affects your dexterity (+3).
   It affects your SH (+5).
 p - the ring "Pihecwut" {rPois rN+ Int+4 SInv}
   (You bought it in a shop in the Dungeon)

   [ring of positive energy]

   It affects your intelligence (+4).
   It protects you from poison.
   It protects you from negative energy.
   It lets you see invisible.
 q - the ring "Xacw" (right hand) {rElec rPois rF+ Int+2 Dex-4}
   (You bought it in a shop in the Dungeon)

   [ring of dexterity]

   It affects your intelligence (+2).
   It affects your dexterity (-4).
   It protects you from fire.
   It insulates you from electricity.
   It protects you from poison.
Wands
 i - a wand of paralysis (8)
 l - a wand of polymorph (14)
 m - a wand of iceblast (3)
Scrolls
 j - 6 scrolls of blinking
 n - 2 scrolls of fog
Potions
 d - 7 potions of might
 e - a potion of curing
 f - a potion of heal wounds
 g - 8 potions of haste
 h - 2 potions of magic
 k - a potion of resistance
Miscellaneous
 t - a phial of floods
 B - a quad damage


   Skills:
 + Level 22.7 Fighting
 - Level 18.7 Polearms
 + Level 21.3 Armour
 + Level 16.4 Dodging
 + Level 21.3 Shields
 * Level 12.1 Spellcasting
 + Level 12.7 Hexes
 * Level 16.1 Summonings
 + Level 9.7 Translocations
 + Level 23.8 Invocations
 + Level 17.5 Evocations


You had 33 spell levels left.
You knew the following spells:

 Your Spells              Type           Power        Failure   Level
a - Summon Mana Viper     Hex/Summ       #####...     1%          5
b - Summon Forest         Summ/Tloc      #####.....   2%          5

Your spell library contained the following spells:

 Spells                   Type           Power        Failure   Level
 Summon Demon             Summ           #####.....   1%          5
 Shadow Creatures         Summ           N/A          3%          6
 Summon Hydra             Summ           #####.....   17%         7


Dungeon Overview and Level Annotations

Branches:
Dungeon (1/1)

Altars:
Cheibriados
Dithmenos
Fedhas
Gozag
Kikubaaqudgha
Makhleb
Okawaru
Qazlal
Ru
Sif Muna
Trog
Uskayaw
Vehumet
Wu Jian
Xom
Yredelemnul
Zin
The Shining One
Beogh
Jiyva
Lugonu

Shops:
D *[??*?*:[((!!!!


Innate Abilities, Weirdness & Mutations

You have sharp fingernails.
You have sharp toenails.
Your body sometimes deteriorates upon taking damage.
Your magical capacity is low. (-10% MP)
You are robust. (+10% HP)
You occasionally shout uncontrollably at your foes.


Message History

You start resting.
You shout at the tormentor!
A tormentor comes into view.
You swap places.
The tormentor moves out of view.
You start resting.
A tormentor is nearby!
Your dark mirror aura disappears.
The tormentor calls on the powers of darkness!
Your body is wracked with pain!
* * * LOW HITPOINT WARNING * * *
Your body deteriorates!
You feel weakened.
The tormentor calls on the powers of darkness!
Your body is wracked with pain!
* * * LOW HITPOINT WARNING * * *
Items here: )) [[.
You swap places.
There is a staircase leading out of the dungeon, spattered with blood here.
Things that are here:
a stone; a +0 flail You have escaped!

#_(.[...._# ###(..)[....###
#(..(........⌠#
######(8[(..[....8.######
##.___.(.)..###.)....._.∩##
###∩..§.[(..8.# #.8........∩###
##.....§..(().)###)[....)......##
#⌠.....§§§.)###[.[###..........⌠#
#⌠.......).§# #D@.# #.....)...[⌠#
#⌠....)....§###)).###....[.....⌠#
##......[..[.2(###.............##
###∩......))8.# #.8....[...∩###
##∩___.(....###....)._._∩##
######.8.........8.######
#⌠.)....[....⌠# ###..).....[###
#_......._#


You could see a tormentor and a friendly bone dragon.

Vanquished Creatures
  A seraph (D)
  2 orbs of fire (D)
  Agnes (D)
  the Lernaean hydra (D)
  3 curse toes (D)
  2 Killer Klowns (D)
  A great orb of eyes (D)
  A Hell Sentinel (D)
  10 Orb Guardians (D)
  A Tzitzimitl (D)
  A lich (D)
  Kirke (D)
  An acid blob (D)
  2 shadow dragons (D)
  2 angels (D)
  7 reapers (D)
  A very ugly thing (D)
  A wolf spider (D)
  A yellow draconian (D)
  2 deep elf death magi (D)
  2 eidola (D)
  3 green deaths (D)
  2 vault guards (D)
  An ice dragon (D)
  6 hell beasts (D)
  4 hydras (D)
  2 wretched stars (D)
  2 death drakes (D)
  A hell knight (D)
  An unseen horror (D)
  A cherub (D)
  2 swamp dragons (D)
  A lindwurm (D)
  A wizard (D)
  4 necromancers (D)
  6 shining eyes (D)
  14 ugly things (D)
  2 moths of wrath (D)
  An eye of devastation (D)
  A kobold demonologist (D)
  A rime drake (D)
  A komodo dragon (D)
  An ice devil (D)
  2 wandering mushrooms (D)
  A jumping spider (D)
  3 tyrant leeches (D)
  4 slime creatures (D)
  A hippogriff (D)
  4 wraiths (D)
  A shadow (D)
  An acid dragon (D)
  2 porcupines (D)
  A floating eye (D)
  2 orc warriors (D)
  A sky beast (D)
  An eye of draining (D)
  3 swamp drakes (D)
  A big kobold (D)
  A bullfrog (D)
  A wight (D)
  2 jellies (D)
  2 orc priests (D)
  A mummy (D)
  2 river rats (D)
  3 adders (D)
  An adder zombie (D)
  A worm (D)
  2 ball lightnings (D)
  An adder simulacrum (D)
  A hobgoblin (D)
  2 kobolds (D)
  A quokka (D)
151 creatures vanquished.

Vanquished Creatures (collateral kills)
  4 Killer Klowns (D)
  4 curse toes (D)
  3 liches (D)
  An electric golem (D)
  4 Orb Guardians (D)
  An acid blob (D)
  Murray (D)
  A shadow dragon (D)
  An azure jelly (D)
  2 reapers (D)
  2 eidola (D)
  A death ooze (D)
  Harold (D)
  4 hell beasts (D)
  Nergalle (D)
  2 hell knights (D)
  A wretched star (D)
  A wizard (D)
  2 swamp dragons (D)
  2 death drakes (D)
  A phantasmal warrior (D)
  An orc knight (D)
  4 ugly things (D)
  12 shining eyes (D)
  2 manticores (D)
  4 guardian mummies (D)
  A troll (D)
  9 wandering mushrooms (D)
  2 tyrant leeches (D)
  3 slime creatures (D)
  A wraith (D)
  2 golden eyes (D)
  2 floating eyes (D)
  2 swamp drakes (D)
  An ice beast (D)
  An eye of draining (D)
  A necrophage (D)
  2 big kobolds (D)
  An orc priest (D)
  A worker ant (D)
  3 mummies (D)
  4 worms (D)
99 creatures vanquished.

Vanquished Creatures (others)
  A profane servitor (D)
  A bone dragon (D)
  A ghoul (D)
  A vault guard (D)
  2 skeletal warriors (D)
  2 flayed ghosts (D)
  A phantasmal warrior (D)
  A flying skull (D)
  7 vampires (D)
  A wraith (D)
  An ugly thing zombie (D)
  A wight (D)
  An elf zombie (D)
  A human zombie (D)
  14 ball lightnings (D)
  An acid dragon zombie (D)
  An adder zombie (D)
  A hobgoblin zombie (D)
  A porcupine zombie (D)
  A sky beast zombie (D)
  A swamp drake zombie (D)
  2 worm zombies (D)
  A snaplasher vine (D)
45 creatures vanquished.

Grand Total: 295 creatures vanquished

Notes
Turn   | Place    | Note
-------+----------+-------------------------------------------
     0 | D        | Jannitor the Hill Orc Fighter began the quest for the Orb.
     0 | D        | Reached XP level 1. HP: 19/19 MP: 1/1
     0 | D        | Found a glowing silver altar of Zin.
     4 | D        | Found an opulent altar of Gozag.
     4 | D        | Found a glowing golden altar of the Shining One.
     5 | D        | Found an ancient bone altar of Kikubaaqudgha.
     5 | D        | Round 1.
     6 | D        | Found Anwyd's Distillery.
     6 | D        | Found a radiant altar of Vehumet.
     6 | D        | Found Wilijiul's Do-It-Yourself Clinic.
     7 | D        | Found Xeinikk's Distillery.
     7 | D        | Found Dijo's Bottled Wisdom.
    23 | D        | Found a burning altar of Makhleb.
    27 | D        | Found a shimmering blue altar of Sif Muna.
    27 | D        | Found a stormy altar of Qazlal.
    27 | D        | Found Nograe's Weapon Rack.
    27 | D        | Found Doapn's Basic Armour.
    28 | D        | Found Nauno's Miscellaneous Merchandise.
    29 | D        | Found a hide-covered altar of Uskayaw.
    29 | D        | Found a viscous altar of Jiyva.
    29 | D        | Found a blossoming altar of Fedhas.
    29 | D        | Found Jisitaal's Premium Goods.
    33 | D        | Found a basalt altar of Yredelemnul.
    34 | D        | Found a roughly hewn altar of Beogh.
    35 | D        | Found a sacrificial altar of Ru.
    36 | D        | Found Rodosk's Identification Station.
    36 | D        | Found a shimmering altar of Xom.
    36 | D        | Found an ornate altar of the Wu Jian Council.
    36 | D        | Found a corrupted altar of Lugonu.
    37 | D        | Found Raatwi's Advanced Armour.
    37 | D        | Found Qydwecal's Jewellery.
    41 | D        | Became a worshipper of Yredelemnul the Dark
    57 | D        | Bought an ancient pewter amulet for 45 gold pieces
    57 | D        | Bought a wavering turquoise ring for 45 gold pieces
    57 | D        | Bought a brightly glowing bronze ring for 45 gold pieces
    62 | D        | Identified the amulet of Ziagep {Reflect Int+4 Dex+3 SH+5}
                  | (You bought it in a shop in the Dungeon)
    62 | D        | Identified the ring "Pihecwut" {rPois rN+ Int+4 SInv} (You
                  | bought it in a shop in the Dungeon)
    63 | D        | Identified the cursed ring "Xacw" {rElec rPois rF+ Int+2
                  | Dex-4} (You bought it in a shop in the Dungeon)
    66 | D        | Found an iron altar of Okawaru.
    68 | D        | Noticed a porcupine
    68 | D        | Found a bloodstained altar of Trog.
    68 | D        | Noticed a porcupine
    69 | D        | Killed a porcupine
    69 | D        | Reached skill level 5 in Polearms
    69 | D        | Reached skill level 5 in Armour
    69 | D        | Reached skill level 5 in Shields
    69 | D        | Reached XP level 2. HP: 31/31 MP: 2/2
    69 | D        | Reached XP level 3. HP: 38/38 MP: 3/3
    69 | D        | Reached XP level 4. HP: 45/45 MP: 4/4
    70 | D        | Killed a porcupine
    70 | D        | Reached * piety under Yredelemnul
    70 | D        | Reached skill level 3 in Invocations
    70 | D        | Reached XP level 5. HP: 52/52 MP: 4/7
   141 | D        | Found a shadowy altar of Dithmenos.
   141 | D        | Found a snail-covered altar of Cheibriados.
   142 | D        | Found Raybet's Staff Store.
   142 | D        | Found Maigip's Magic Scroll Shop.
   144 | D        | Arena points: 12 (+12) [x2]
   144 | D        | Reached skill level 4 in Invocations
   145 | D        | Found Tustuth's Must-Have Magic.
   145 | D        | Found Widuatie's Magic Scroll Shop.
   165 | D        | Round 2.
   168 | D        | Noticed a sky beast
   180 | D        | Killed a sky beast
   180 | D        | Reached ** piety under Yredelemnul
   180 | D        | Reached skill level 5 in Invocations
   180 | D        | Reached XP level 6. HP: 61/61 MP: 9/9
   188 | D        | Reached *** piety under Yredelemnul
   188 | D        | Arena points: 48 (+36) [x3]
   239 | D        | Round 3.
   241 | D        | Noticed an orc knight
   254 | D        | Killed an orc knight
   254 | D        | Reached skill level 7 in Invocations
   254 | D        | Reached XP level 7. HP: 51/70 MP: 10/12
   274 | D        | Reached XP level 8. HP: 24/79 MP: 10/13
   293 | D        | Reached **** piety under Yredelemnul
   325 | D        | Reached skill level 8 in Invocations
   361 | D        | Arena points: 132 (+84) [x4]
   361 | D        | Reached skill level 10 in Fighting
   361 | D        | Received a gift from Yredelemnul (3 flying skulls)
   361 | D        | Received a gift from Yredelemnul (a wight)
   433 | D        | Round 4.
   445 | D        | Noticed a kobold demonologist
   458 | D        | Noticed an orange demon
   458 | D        | Killed a kobold demonologist
   475 | D        | Reached ***** piety under Yredelemnul
   475 | D        | Received a gift from Yredelemnul (a wraith)
   522 | D        | Arena points: 272 (+140) [x5]
   523 | D        | Received a gift from Yredelemnul (a wight)
   534 | D        | Bought a +0 demon trident for 450 gold pieces
   587 | D        | Round 5.
   600 | D        | Noticed the 27-headed Lernaean hydra
   637 | D        | Noticed a tyrant leech
   640 | D        | Noticed a shambling mangrove
   648 | D        | Killed the 27-headed Lernaean hydra
   648 | D        | Arena points: 552 (+280) [x7]
   648 | D        | Reached skill level 12 in Invocations
   648 | D        | Reached XP level 9. HP: 29/92 MP: 4/18
   648 | D        | Reached XP level 10. HP: 32/100 MP: 4/19
   649 | D        | Got a decaying rune of Zot
   650 | D        | Reached XP level 11. HP: 34/106 MP: 5/20
   817 | D        | Round 6.
   842 | D        | Received a gift from Yredelemnul (2 flying skulls)
   870 | D        | Reached skill level 1 in Evocations
   896 | D        | Received a gift from Yredelemnul (a wight)
   963 | D        | Arena points: 984 (+432) [x8]
  1014 | D        | Round 7.
  1030 | D        | Noticed a shining eye
  1031 | D        | Gained mutation: You tend to lose your temper in combat. [a
                  | shining eye]
  1032 | D        | Noticed a shining eye
  1034 | D        | Gained mutation: You are robust. (+10% HP) [a shining eye]
  1036 | D        | Received a gift from Yredelemnul (a phantasmal warrior)
  1037 | D        | Gained mutation: Scrolls take you a little longer to read.
                  | [a shining eye]
  1041 | D        | Gained mutation: Your spells are a little easier to cast,
                  | but a little less powerful. [a shining eye]
  1042 | D        | Paralysed by a floating eye for 4 turns
  1047 | D        | Killed a shining eye
  1050 | D        | Reached ****** piety under Yredelemnul
  1053 | D        | Killed a shining eye
  1053 | D        | Reached skill level 13 in Invocations
  1054 | D        | Received a gift from Yredelemnul (a wight)
  1068 | D        | Paralysed by a floating eye for 3 turns
  1080 | D        | Arena points: 1551 (+567) [x9]
  1081 | D        | Received a gift from Yredelemnul (a wraith)
  1092 | D        | Bought a potion of mutation for 56 gold pieces
  1092 | D        | Lost mutation: Your spells are a little easier to cast, but
                  | a little less powerful. [potion of mutation]
  1092 | D        | Lost mutation: You tend to lose your temper in combat.
                  | [potion of mutation]
  1092 | D        | Lost mutation: Scrolls take you a little longer to read.
                  | [potion of mutation]
  1092 | D        | Gained mutation: You have sharp toenails. [potion of
                  | mutation]
  1092 | D        | Gained mutation: You have sharp fingernails. [potion of
                  | mutation]
  1103 | D        | Round 8.
  1192 | D        | Received a gift from Yredelemnul (a vampire)
  1218 | D        | Received a gift from Yredelemnul (a flayed ghost)
  1225 | D        | Received a gift from Yredelemnul (a vampire)
  1243 | D        | Received a gift from Yredelemnul (a wraith)
  1243 | D        | Arena points: 2431 (+880) [x10]
  1258 | D        | Bought 8 scrolls of enchant weapon for 600 gold pieces
  1258 | D        | Bought a scroll of brand weapon for 200 gold pieces
  1277 | D        | Round 9.
  1278 | D        | Noticed Erica
  1279 | D        | Noticed an unseen horror
  1288 | D        | Killed Erica
  1288 | D        | Enslaved Erica
  1294 | D        | Killed an unseen horror
  1349 | D        | Received a gift from Yredelemnul (a vampire)
  1385 | D        | Noticed Harold
  1395 | D        | Killed Harold
  1395 | D        | Reached XP level 12. HP: 123/127 MP: 22/22
  1403 | D        | Received a gift from Yredelemnul (a phantasmal warrior)
  1403 | D        | Received a gift from Yredelemnul (a flayed ghost)
  1467 | D        | Bought a pitted bone ring for 45 gold pieces
  1467 | D        | Bought a steaming turquoise ring for 45 gold pieces
  1468 | D        | Identified the ring of Giwnuxku {rPois rC+} (You bought it
                  | in a shop in the Dungeon)
  1470 | D        | Identified the ring "Qudaaz" {rElec rPois Str+6 Dex-2
                  | Slay+4} (You bought it in a shop in the Dungeon)
  1473 | D        | Arena points: 2503 (+72) [x1]
  1488 | D        | Round 10.
  1524 | D        | Arena points: 2803 (+300) [x3]
  1524 | D        | Reached skill level 5 in Evocations
  1524 | D        | Received a gift from Yredelemnul (a flayed ghost)
  1525 | D        | Got a gossamer rune of Zot
  1696 | D        | Round 11.
  1702 | D        | Noticed Kirke
  1709 | D        | Killed Kirke
  1709 | D        | Reached skill level 14 in Invocations
  1730 | D        | Received a gift from Yredelemnul (a ghoul)
  1748 | D        | Noticed Donald
  1757 | D        | Killed Donald
  1757 | D        | Enslaved Donald
  1810 | D        | Noticed a seven-headed hydra
  1815 | D        | Killed a seven-headed hydra
  1822 | D        | Received a gift from Yredelemnul (a flayed ghost)
  1883 | D        | Arena points: 2902 (+99) [x1]
  1898 | D        | Round 12.
  1907 | D        | Bought a pair of spiked boots for 332 gold pieces
  1907 | D        | Bought a pair of distressingly furry gloves for 332 gold
                  | pieces
  1912 | D        | Identified the +4 pair of boots of Moral Flaws {*Contam
                  | Harm Regen+ Dex+8} (You bought it in a shop in the Dungeon)
  1917 | D        | Identified the cursed +0 pair of gloves of Ojyhir {+Inv rF+
                  | rCorr Int-3} (You bought it in a shop in the Dungeon)
  1923 | D        | Received a gift from Yredelemnul (a skeletal warrior)
  1941 | D        | Received a gift from Yredelemnul (a ghoul)
  1954 | D        | Noticed an ice dragon
  1961 | D        | Killed an ice dragon
  1961 | D        | Received a gift from Yredelemnul (a vampire knight)
  1977 | D        | Reached skill level 15 in Fighting
  1977 | D        | Reached skill level 15 in Invocations
  1984 | D        | Arena points: 3214 (+312) [x2]
  1999 | D        | Bought a polished tower shield for 332 gold pieces
  2009 | D        | Identified the cursed -8 tower shield "Vilibuch" {rCorr
                  | Str+3} (You bought it in a shop in the Dungeon)
  2021 | D        | Bought a scroll of remove curse for 60 gold pieces
  2050 | D        | Round 13.
  2056 | D        | Received a gift from Yredelemnul (a ghoul)
  2056 | D        | Received a gift from Yredelemnul (a vampire knight)
  2113 | D        | Received a gift from Yredelemnul (a vampire)
  2121 | D        | Reached XP level 13. HP: 139/139 MP: 22/24
  2122 | D        | Received a gift from Yredelemnul (a profane servitor)
  2126 | D        | Arena points: 3604 (+390) [x3]
  2142 | D        | Bought a shimmering kite shield for 332 gold pieces
  2152 | D        | Identified the +1 kite shield "Uvoellah" {Str+4} (You
                  | bought it in a shop in the Dungeon)
  2188 | D        | Round 14.
  2203 | D        | Noticed an eidolon
  2205 | D        | Noticed an eidolon
  2210 | D        | Killed an eidolon
  2210 | D        | Reached skill level 10 in Dodging
  2210 | D        | Received a gift from Yredelemnul (a vampire)
  2210 | D        | Received a gift from Yredelemnul (a profane servitor)
  2210 | D        | Received a gift from Yredelemnul (a bone dragon)
  2217 | D        | Killed an eidolon
  2221 | D        | Noticed an eidolon
  2222 | D        | Noticed Nergalle
  2230 | D        | Killed an eidolon
  2233 | D        | Killed Nergalle
  2239 | D        | Noticed an eidolon
  2244 | D        | Killed an eidolon
  2244 | D        | Reached skill level 16 in Invocations
  2244 | D        | Received a gift from Yredelemnul (a ghoul)
  2284 | D        | Arena points: 4220 (+616) [x4]
  2285 | D        | Received a gift from Yredelemnul (a phantasmal warrior)
  2285 | D        | Received a gift from Yredelemnul (a skeletal warrior)
  2299 | D        | Bought a transparent helmet for 332 gold pieces
  2304 | D        | Identified the +0 helmet of Least Resistance {Dex+3} (You
                  | bought it in a shop in the Dungeon)
  2304 | D        | Bought an ancient cloak for 332 gold pieces
  2309 | D        | Identified the -7 cloak of Qyck {rF- rN++} (You bought it
                  | in a shop in the Dungeon)
  2349 | D        | Round 15.
  2358 | D        | Noticed Agnes
  2379 | D        | Noticed a spriggan defender
  2379 | D        | Noticed a dire elephant
  2380 | D        | Killed Agnes
  2380 | D        | Arena points: 5210 (+990) [x6]
  2380 | D        | Reached skill level 15 in Polearms
  2380 | D        | Reached skill level 15 in Armour
  2380 | D        | Reached skill level 15 in Shields
  2384 | D        | Got a mossy rune of Zot
  2574 | D        | Round 16.
  2584 | D        | Bought a shimmering cloak for 332 gold pieces
  2589 | D        | Identified the +3 cloak of Letuok {Rampage +Fly Stlth+}
                  | (You bought it in a shop in the Dungeon)
  2626 | D        | Received a gift from Yredelemnul (a vampire)
  2655 | D        | Noticed a green very ugly thing
  2658 | D        | Received a gift from Yredelemnul (a bone dragon)
  2669 | D        | Killed a green very ugly thing
  2669 | D        | Reached skill level 10 in Evocations
  2669 | D        | Reached skill level 17 in Invocations
  2670 | D        | Received a gift from Yredelemnul (a flayed ghost)
  2670 | D        | Received a gift from Yredelemnul (a flayed ghost)
  2698 | D        | Received a gift from Yredelemnul (a flayed ghost)
  2711 | D        | Arena points: 6778 (+1568) [x7]
  2778 | D        | Round 17.
  2795 | D        | Received a gift from Yredelemnul (a profane servitor)
  2795 | D        | Received a gift from Yredelemnul (a ghoul)
  2796 | D        | Noticed a death ooze
  2804 | D        | Killed a death ooze
  2849 | D        | Noticed an acid blob
  2854 | D        | Killed an acid blob
  2854 | D        | Reached XP level 14. HP: 154/154 MP: 26/26
  2859 | D        | Received a gift from Yredelemnul (a vampire)
  2864 | D        | Noticed an azure jelly
  2872 | D        | Killed an azure jelly
  2873 | D        | Received a gift from Yredelemnul (a skeletal warrior)
  2883 | D        | Noticed an acid blob
  2887 | D        | Killed an acid blob
  2887 | D        | Received a gift from Yredelemnul (a phantasmal warrior)
  2902 | D        | Received a gift from Yredelemnul (a bone dragon)
  2902 | D        | Received a gift from Yredelemnul (a ghoul)
  2950 | D        | Arena points: 7033 (+255) [x1]
  2964 | D        | Bought 4 scrolls of enchant armour for 300 gold pieces
  2964 | D        | Bought 4 scrolls of enchant armour for 300 gold pieces
  2965 | D        | Bought 3 scrolls of blinking for 225 gold pieces
  2965 | D        | Round 18.
  2988 | D        | Bought 6 potions of might for 168 gold pieces
  2988 | D        | Bought 5 potions of haste for 350 gold pieces
  3061 | D        | Arena points: 7645 (+612) [x2]
  3107 | D        | Round 19.
  3144 | D        | Noticed a Killer Klown
  3146 | D        | Noticed a Killer Klown
  3148 | D        | Received a gift from Yredelemnul (a bone dragon)
  3157 | D        | Killed a Killer Klown
  3157 | D        | Reached skill level 18 in Invocations
  3171 | D        | Killed a Killer Klown
  3171 | D        | Received a gift from Yredelemnul (a profane servitor)
  3171 | D        | Received a gift from Yredelemnul (a bone dragon)
  3173 | D        | Noticed a Killer Klown
  3183 | D        | Killed a Killer Klown
  3204 | D        | Received a gift from Yredelemnul (a skeletal warrior)
  3228 | D        | Received a gift from Yredelemnul (a phantasmal warrior)
  3244 | D        | Noticed a Killer Klown
  3244 | D        | Noticed a Killer Klown
  3262 | D        | Reached skill level 19 in Invocations
  3262 | D        | Received a gift from Yredelemnul (a flayed ghost)
  3262 | D        | Received a gift from Yredelemnul (a skeletal warrior)
  3264 | D        | Killed a Killer Klown
  3276 | D        | Killed a Killer Klown
  3276 | D        | Arena points: 8557 (+912) [x3]
  3276 | D        | Reached XP level 15. HP: 52/166 MP: 28/28
  3312 | D        | Round 20.
  3369 | D        | Noticed an acid blob
  3386 | D        | Arena points: 9757 (+1200) [x5]
  3386 | D        | Received a gift from Yredelemnul (a ghoul)
  3386 | D        | Received a gift from Yredelemnul (a phantasmal warrior)
  3387 | D        | Got a slimy rune of Zot
  3388 | D        | Reached XP level 16. HP: 152/176 MP: 25/29
  3389 | D        | Reached XP level 17. HP: 159/184 MP: 25/30
  3454 | D        | Bought a quad damage for 400 gold pieces
  3474 | D        | Reached XP level 18. HP: 193/193 MP: 31/31
  3495 | D        | Bought a book of Summonings for 490 gold pieces
  3503 | D        | Learned a level 5 spell: Summon Mana Viper
  3509 | D        | Learned a level 5 spell: Summon Forest
  3571 | D        | Round 21.
  3590 | D        | Reached skill level 1 in Hexes
  3590 | D        | Reached skill level 1 in Summonings
  3606 | D        | Received a gift from Yredelemnul (a flayed ghost)
  3622 | D        | Gained mutation: Your magical capacity is low. (-10% MP) [a
                  | shining eye]
  3623 | D        | Received a gift from Yredelemnul (a flayed ghost)
  3625 | D        | Gained mutation: Your body sometimes deteriorates upon
                  | taking damage. [a shining eye]
  3625 | D        | Gained mutation: You occasionally shout uncontrollably at
                  | your foes. [a shining eye]
  3630 | D        | Received a gift from Yredelemnul (a vampire knight)
  3636 | D        | Received a gift from Yredelemnul (a ghoul)
  3636 | D        | Received a gift from Yredelemnul (a bone dragon)
  3640 | D        | Reached skill level 20 in Invocations
  3668 | D        | Received a gift from Yredelemnul (a flayed ghost)
  3728 | D        | Arena points: 10114 (+357) [x1]
  3743 | D        | Round 22.
  3746 | D        | Bought +0 pearl dragon scales for 1200 gold pieces
  3747 | D        | Received a gift from Yredelemnul (a flayed ghost)
  3747 | D        | Received a gift from Yredelemnul (a phantasmal warrior)
  3772 | D        | Received a gift from Yredelemnul (a flayed ghost)
  3781 | D        | Received a gift from Yredelemnul (a skeletal warrior)
  3786 | D        | Received a gift from Yredelemnul (a vampire)
  3818 | D        | Arena points: 10598 (+484) [x2]
  3833 | D        | Round 23.
  3858 | D        | Received a gift from Yredelemnul (a skeletal warrior)
  3907 | D        | Reached skill level 5 in Hexes
  3907 | D        | Reached skill level 5 in Summonings
  3907 | D        | Received a gift from Yredelemnul (a skeletal warrior)
  3907 | D        | Received a gift from Yredelemnul (a skeletal warrior)
  3933 | D        | Received a gift from Yredelemnul (a vampire)
  3945 | D        | Received a gift from Yredelemnul (a phantasmal warrior)
  3945 | D        | Received a gift from Yredelemnul (a flayed ghost)
  3945 | D        | Received a gift from Yredelemnul (a profane servitor)
  4013 | D        | Arena points: 11702 (+1104) [x3]
  4047 | D        | Round 24.
  4069 | D        | Reached skill level 1 in Spellcasting
  4082 | D        | Reached skill level 1 in Translocations
  4082 | D        | Reached skill level 21 in Invocations
  4082 | D        | Received a gift from Yredelemnul (a vampire)
  4082 | D        | Received a gift from Yredelemnul (a skeletal warrior)
  4136 | D        | Noticed a lich
  4137 | D        | Received a gift from Yredelemnul (a phantasmal warrior)
  4143 | D        | Killed a lich
  4151 | D        | Received a gift from Yredelemnul (a ghoul)
  4169 | D        | Noticed a lich
  4174 | D        | Killed a lich
  4175 | D        | Noticed a lich
  4176 | D        | Noticed a lich
  4182 | D        | Killed a lich
  4183 | D        | Received a gift from Yredelemnul (a bone dragon)
  4186 | D        | Reached skill level 15 in Evocations
  4192 | D        | Killed a lich
  4206 | D        | Received a gift from Yredelemnul (a profane servitor)
  4223 | D        | Noticed a Tzitzimitl
  4232 | D        | Killed a Tzitzimitl
  4232 | D        | Reached skill level 5 in Spellcasting
  4237 | D        | Arena points: 13526 (+1824) [x4]
  4257 | D        | Round 25.
  4267 | D        | Noticed Mara
  4281 | D        | Noticed Jannitor's illusion
  4358 | D        | Arena points: 15776 (+2250) [x6]
  4359 | D        | Got a silver rune of Zot
  4428 | D        | Reached skill level 10 in Summonings
  4428 | D        | Reached XP level 19. HP: 205/205 MP: 30/30
  4562 | D        | Round 26.
  4575 | D        | Noticed a curse toe
  4589 | D        | Noticed a curse toe
  4596 | D        | Killed a curse toe
  4604 | D        | Killed a curse toe
  4604 | D        | Reached skill level 5 in Translocations
  4604 | D        | Reached XP level 20. HP: 65/214 MP: 31/31
  4604 | D        | Received a gift from Yredelemnul (a profane servitor)
  4607 | D        | Noticed a curse toe
  4607 | D        | Noticed a curse toe
  4622 | D        | Killed a curse toe
  4629 | D        | Bought 3 potions of heal wounds for 105 gold pieces
  4629 | D        | Bought 3 potions of heal wounds for 105 gold pieces
  4632 | D        | Noticed a curse toe
  4633 | D        | Noticed a curse toe
  4642 | D        | Killed a curse toe
  4642 | D        | Reached skill level 22 in Invocations
  4643 | D        | Received a gift from Yredelemnul (a vampire)
  4647 | D        | Killed a curse toe
  4647 | D        | Reached skill level 15 in Dodging
  4647 | D        | Received a gift from Yredelemnul (a profane servitor)
  4655 | D        | Noticed a curse toe
  4671 | D        | Killed a curse toe
  4672 | D        | Received a gift from Yredelemnul (a bone dragon)
  4672 | D        | Received a gift from Yredelemnul (a profane servitor)
  4675 | D        | Killed a curse toe
  4675 | D        | Noticed Murray
  4686 | D        | Killed Murray
  4690 | D        | Received a gift from Yredelemnul (a flayed ghost)
  4690 | D        | Reached skill level 10 in Hexes
  4694 | D        | Received a gift from Yredelemnul (a ghoul)
  4697 | D        | Arena points: 19416 (+3640) [x7]
  4727 | D        | Round 27.
  4739 | D        | Received a gift from Yredelemnul (a skeletal warrior)
  4739 | D        | Received a gift from Yredelemnul (a bone dragon)
  4746 | D        | Noticed a Killer Klown
  4747 | D        | Noticed an electric golem
  4760 | D        | Killed a Killer Klown
  4775 | D        | Noticed an orb of fire
  4778 | D        | Killed an electric golem
  4779 | D        | Received a gift from Yredelemnul (a flayed ghost)
  4779 | D        | Received a gift from Yredelemnul (a skeletal warrior)
  4791 | D        | Killed an orb of fire
  4801 | D        | Reached skill level 10 in Spellcasting
  4802 | D        | Received a gift from Yredelemnul (a profane servitor)
  4813 | D        | Reached skill level 23 in Invocations
  4821 | D        | Received a gift from Yredelemnul (a vampire)
  4821 | D        | Received a gift from Yredelemnul (a vampire)
  4827 | D        | Noticed an orb of fire
  4836 | D        | Killed an orb of fire
  4851 | D        | Reached skill level 15 in Summonings
  4854 | D        | Arena points: 23736 (+4320) [x8]
  4854 | D        | Received a gift from Yredelemnul (a vampire)
  4860 | D        | Got the Orb of Zot
  4882 | D        | Received a gift from Yredelemnul (a flayed ghost)
  4882 | D        | Received a gift from Yredelemnul (a ghoul)
  4900 | D        | Noticed a seraph
  4927 | D        | Killed a seraph
  4949 | D        | Received a gift from Yredelemnul (a bone dragon)
  4962 | D        | Escaped with the Orb!

Illustrated notes

Levels and vault maps discovered:
D:        arena_sprint

Skill      XL: |  1  2  3  4  5  6  7  8  9 10 11 12 13 14 15 16 17 18 19 20 |
---------------+-------------------------------------------------------------+-----
Fighting       | 6 7 8 9 12 13 15 17 18 19 20 22 | 22.7
Polearms       | 5 6 7 8 11 12 14 15 17 18 | 18.7
Armour         | 5 6 7 8 9 11 12 13 14 16 17 18 19 21 | 21.3
Shields        | 5 6 7 8 9 12 13 14 15 17 19 21 | 21.3
Invocations    | 3 5 7 12 13 15 17 19 21 23 | 23.8
Dodging        | 2 3 7 8 9 11 12 13 14 16 | 16.4
Evocations     | 4 7 10 12 13 15 17 | 17.5
Hexes          | 8 9 12 | 12.7
Summonings     | 10 16 | 16.1
Spellcasting   | 5 6 12 | 12.1
Translocations | 4 5 9 |  9.7

Action                   |  1- 3 |  4- 6 |  7- 9 | 10-12 | 13-15 | 16-18 | 19-21 || total
-------------------------+-------+-------+-------+-------+-------+-------+-------++-------
Melee: Trident           |     5 |    33 |    38 |       |       |       |       ||    76
       Demon trident     |       |       |    10 |   200 |   207 |   193 |   140 ||   750
       Kick              |       |       |       |    27 |       |       |       ||    27
       Unarmed           |       |       |       |     8 |     3 |       |       ||    11
 Cast: Summon Forest     |       |       |       |       |       |     2 |     1 ||     3
       Summon Mana Viper |       |       |       |       |       |       |     3 ||     3
Invok: Animate Remains   |       |     1 |       |       |       |       |       ||     1
       Animate Dead      |       |     1 |     4 |    15 |     6 |     4 |       ||    30
       Drain Life        |       |       |     2 |     3 |     2 |       |     3 ||    10
       Enslave Soul      |       |       |       |     2 |     1 |       |       ||     3
       Recall Undead Sla |       |       |       |     1 |       |       |       ||     1
       Injury Mirror     |       |       |       |       |     2 |       |     5 ||     7
 Abil: Evoke Invisibilit |       |       |       |       |       |     1 |       ||     1
Evoke: Wand              |       |     2 |     5 |       |       |       |       ||     7
       Phial of floods   |       |       |       |       |       |     1 |       ||     1
  Use: Potion            |       |       |     1 |     2 |     2 |     5 |     7 ||    17
       Scroll            |       |       |       |    10 |       |       |    10 ||    20
 Stab: Distracted        |       |       |       |     6 |     4 |     2 |     4 ||    16
Armor: Scale mail        |     1 |    10 |       |       |       |       |       ||    11
       Plate armour      |       |       |    13 |    18 |    24 |     9 |       ||    64
       Pearl dragon scal |       |       |       |       |       |    21 |    29 ||    50
Dodge: Dodged            |     3 |     3 |     9 |    19 |    15 |    50 |    41 ||   140
Block: Kite shield       |     2 |    23 |    27 |    59 |    55 |   113 |    82 ||   361
       Reflection        |       |     3 |     8 |       |     6 |     1 |     3 ||    21
       Other             |       |       |       |     1 |       |       |       ||     1

Table legend: (Time is in decaauts)
 A = Elapsed time spent in this place.
 B = Non-inter-level travel time spent in this place.
 C = Inter-level travel time spent in this place.
 D = Time resting spent in this place.
 E = Time spent auto-exploring this place.
 F = Levels seen in this place.
 G = Mean time per level.
                   A        B        C        D        E       F      G
               +--------+--------+--------+--------+--------+-----+--------+
         Total |   4642 |   4519 |    123 |   1742 |    728 |   1 | 4642.0 |
       Dungeon |   4642 |   4519 |    123 |   1742 |    728 |   1 | 4642.0 |
               +--------+--------+--------+--------+--------+-----+--------+

Top non-repeatable levels by time:
       D: 4642 daAuts
